 Dungeon Crawl Stone Soup version 0.18-a0-1511-g2a0da85 (webtiles) character file.

16405 useraccount the Slicer (level 12, -2/60 HPs)
             Began as a Vine Stalker Fighter on Feb 27, 2016.
             Was an Elder of Hepliaklqana.
             Slain by Frances
             ... wielding a +0 broad axe
              (13 damage)
             ... on level 12 of the Dungeon.
             The game lasted 00:28:27 (12497 turns).

useraccount the Slicer (Vine Stalker Fighter)      Turns: 12497, Time: 00:28:27

Health: -2/60      AC: 16    Str: 25    XL:     12   Next: 37%
Magic:  0/16       EV: 13    Int:  8    God:    Hepliaklqana [****..]
Gold:   888        SH: 12    Dex: 13    Spells: 0 memorised, 11 levels left

rFire  + . .     SeeInvis +     a - +11 rapier of Growth {freeze, rF+ MR+}
rCold  + + .     Gourm    .     L - +4 ring mail {rC+}
rNeg   . . .     Faith    .     c - +0 shield
rPois  .         Spirit   +     m - +0 helmet
rElec  .         Dismiss  .     l - +0 cloak
rCorr  .         Reflect  .     (no gloves)
SustAt .         Harm     .     C - +2 pair of boots
MR     ++...                    (no amulet)
Stlth  +.........               r - ring of protection from cold
                                A - ring of see invisible

@: very resistant to hostile enchantments, very unstealthy
A: fangs 3, regeneration 3, magic shield, antimagic bite, no device heal 3, rot
immunity
a: Recall Ancestor, Ancestor Identity, Romanticise, Renounce Religion


You were on level 12 of the Dungeon.
You worshipped Hepliaklqana.
Hepliaklqana was greatly pleased with you.
You were not hungry.

You visited 2 branches of the dungeon, and saw 13 of its levels.
You also visited: Labyrinth and Sewer.

You collected 888 gold pieces.

Inventory:

Hand Weapons
 a - the +11 rapier of Growth (weapon) {freeze, rF+ MR+}
   (You found it in a labyrinth)

   It has been specially enchanted to freeze those struck by it, causing extra
   injury to most foes and up to half again as much damage against particularly
   susceptible opponents.
   It can also slow down cold-blooded creatures.
   It protects you from fire.
   It affects your resistance to hostile enchantments.
 v - the +11 rapier "Fiaguol" {pierce, rC++ Dex+3}
   (You found it in a labyrinth)

   It inflicts extra damage upon your enemies.
   It affects your dexterity (+3).
   It greatly protects you from cold.
Armour
 c - a +0 shield (worn)
 l - a +0 cloak (worn)
 m - a +0 helmet (worn)
 C - a +2 pair of boots (worn)
 D - a +2 chain mail of cold resistance
 L - a +4 ring mail of cold resistance (worn)
Rods
 t - a -1 rod of inaccuracy (13/13)
   (You found it on level 7 of the Dungeon)
 y - a -1 lightning rod (13/13)
   (You found it in a labyrinth)
Jewellery
 b - an uncursed ring of protection from cold
 r - a ring of protection from cold (right hand)
 A - a ring of see invisible (left hand)
 F - an uncursed ring of flight
Wands
 k - a wand of iceblast (0/15)
 w - a wand of lightning (4/15)
 B - a wand of iceblast (3/15)
Scrolls
 g - 2 scrolls of fear
 o - 3 scrolls of teleportation
 p - a scroll of random uselessness {unknown}
 s - 6 scrolls of remove curse
Potions
 d - 3 potions of might
 e - 3 potions of agility {unknown}
 h - 3 potions of magic {unknown}
 n - 3 potions of lignification {unknown}
 q - a potion of berserk rage {unknown}
 u - 3 potions of curing {unknown}
 x - 3 potions of heal wounds {unknown}
 z - 2 potions of flight {unknown}
 E - a potion of experience {unknown}
Comestibles
 f - 6 bread rations
 i - 3 meat rations
 j - a beef jerky
 G - 12 fruits
 H - 2 slices of pizza
 I - 4 chunks of flesh


   Skills:
 + Level 5.7 Fighting
 * Level 11.6 Short Blades
 - Level 6.0 Armour
 - Level 6.0 Dodging
 + Level 8.9 Shields
 - Level 5.0 Invocations


You had 11 spell levels left.
You didn't know any spells.

Dungeon Overview and Level Annotations

Branches:
Dungeon (12/15)            Temple (1/1) D:4            Lair (0/8) D:9
    Orc (0/2) D:10

Altars:
Ashenzari
Cheibriados
Dithmenos
Elyvilon
Fedhas
Gozag
Hepliaklqana
Kikubaaqudgha
Makhleb
Nemelex Xobeh
Okawaru
Pakellas
Qazlal
Ru
Sif Muna
Trog
Ukayaw
Vehumet
Xom
Yredelemnul
Zin
The Shining One

Shops:
D:9 }

Annotations:
D:3 dpeg's ghost, amateur DsMo
D:8 exclusion: 2 doors
D:12 Frances


Innate Abilities, Weirdness & Mutations

You have razor-sharp teeth.
You regenerate.
When hurt, damage is shared between your health and your magic reserves.
Your bite disrupts and absorbs the magic of your enemies.
Potions and wands cannot restore your health.
You are immune to rotting.


Message History

Frances closely misses you.
You puncture Frances! You freeze Frances.
Frances is moderately wounded.
Frances hits you with a broad axe! The orange demon stings you from afar.
You barely miss Frances.
Frances is moderately wounded.
You puncture Frances! You freeze Frances. You bite Frances!
Frances's magic leaks into the air.
You drain her magic.
You feel invigorated.
Frances is heavily wounded.
Frances hits you with a broad axe! You block the orange demon's attack.
You hit Frances but do no damage. You bite Frances.
Frances's magic leaks into the air.
You drain her magic.
You feel invigorated.
Frances is heavily wounded.
Frances hits you with a broad axe!!
* * * LOW HITPOINT WARNING * * *
The orange demon barely misses you. Frances hits you with a broad axe!
* * * LOW HITPOINT WARNING * * *
Frances hits you with a broad axe!!
You die...

#...... ##.##### ##+####
#.....#. #.....# ###.#W#.
#.....# #...#.#. ###.....#
#:###.#. #.'..4..####
#.).#...
...'...#.@...'[.######.####
...#####..@..##...##.#.....
. #.....####..#.###.#.
#.....# ##.....#.#. ###'###
#####.###. ###.# #.......
#...# ##...#### ##.######
##..######
#..W..).####.........
###+##
#.........##.........


You could see Frances and an orange demon.

Vanquished Creatures
  Nessos (D:12)
  2 hydras
  A centaur warrior (D:11)
  2 unseen horrors
  3 hill giants
  2 deep elf magi (D:10)
  A cyclops (D:11)
  Joseph (D:10)
  Psyche (D:12)
  A komodo dragon (D:9)
  A two-headed ogre (D:11)
  2 shadows (Lab)
  9 yaks
  Grum (D:8)
  A hippogriff (D:8)
  A hungry ghost (Lab)
  2 steam dragons
  A mottled dragon (D:11)
  2 wolves (D:8)
  5 orc warriors
  2 sky beasts
  2 black bears
  A phantom (D:10)
  A necrophage (D:11)
  3 ogres
  4 centaurs
  2 crocodiles (D:9)
  A big kobold (Sewer)
  6 giant frogs
  A gnoll sergeant (D:11)
  Dowan (D:7)
  A scorpion (D:4)
  A wyvern skeleton (D:7)
  A water moccasin skeleton (D:7)
  2 killer bees (D:8)
  3 crimson imps
  3 lava snakes (Lab)
  2 jellies
  2 orc priests
  2 giant frog skeletons
  2 giant frog zombies (D:5)
  6 hounds
  6 orc wizards
  A centaur skeleton (D:8)
  4 iguanas
  4 worker ants
  A killer bee zombie (D:11)
  A sheep (D:8)
  2 hound skeletons
  Robin (D:2)
  6 adders
  5 gnolls (D:11)
  2 river rats (Sewer)
  5 shadow imps
  An ooze (D:1)
  An adder zombie (D:10)
  A worm (D:4)
  3 dart slugs
  3 giant geckos
  24 orcs
  A ball python (D:3)
  9 bats
  3 giant cockroaches
  9 hobgoblins
  10 jackals
  A giant gecko zombie (D:8)
  6 giant newts
  13 goblins
  7 kobolds
  A quokka zombie (D:6)
  8 rats
228 creatures vanquished.

Vanquished Creatures (collateral kills)
  A minotaur (Lab)
  Erolcha (D:12)
  The ghost of useraccount the Cleaver, a novice FoFi (D:9)
  A wraith (D:12)
  4 yaks (D:8)
  3 hungry ghosts (Lab)
  Duvessa (D:7)
  2 ice beasts
  An orc warrior (D:9)
  An ogre (D:4)
  2 sky beasts
  A necrophage (D:8)
  A wasp (D:12)
  3 phantoms
  2 centaurs (D:7)
  2 big kobolds (D:8)
  2 scorpions (D:7)
  A killer bee (D:8)
  A lava snake (Lab)
  An orc priest (D:7)
  A centaur skeleton (D:8)
  A giant frog skeleton (D:8)
  3 iguanas
  2 orc wizards
  2 worker ants
  A sheep (D:8)
  A hound skeleton (D:9)
  A gnoll (D:11)
  A shadow imp (D:9)
  7 orcs
52 creatures vanquished.

Vanquished Creatures (others)
  An unseen horror (D:11)
  6 battlemagi
  6 ancestors
13 creatures vanquished.

Grand Total: 293 creatures vanquished

Notes
Turn   | Place    | Note
--------------------------------------------------------------
     0 | D:1      | useraccount the Vine Stalker Fighter began the quest for the Orb.
     0 | D:1      | Reached XP level 1. HP: 11/11 MP: 2/2
    52 | D:1      | Reached skill level 2 in Short Blades
   146 | D:1      | Reached XP level 2. HP: 16/16 MP: 3/3
   411 | D:1      | Reached XP level 3. HP: 19/19 MP: 4/4
   597 | D:2      | Noticed Robin
   615 | D:2      | Killed Robin
   842 | D:2      | Reached XP level 4. HP: 22/24 MP: 5/5
  1325 | D:3      | Noticed dpeg's ghost (amateur DsMo)
  2398 | D:4      | Reached skill level 3 in Short Blades
  2398 | D:4      | Reached skill level 1 in Dodging
  2398 | D:4      | Reached XP level 5. HP: 26/28 MP: 6/6
  2450 | D:4      | Found a staircase to the Ecumenical Temple.
  2451 | D:4      | Found a basalt altar of Yredelemnul.
  2475 | D:4      | Found a radiant altar of Vehumet.
  2543 | D:5      | Entered Level 5 of the Dungeon
  2677 | D:5      | Gained mutation: You heal very quickly. [Vine Stalker growth]
  2677 | D:5      | Reached XP level 6. HP: 32/32 MP: 7/7
  2870 | D:5      | Found a glowing drain.
  2896 | Sewer    | Entered a sewer
  3037 | Sewer    | Found a white marble altar of Elyvilon.
  3281 | Temple   | Entered the Ecumenical Temple
  3342 | Temple   | Became a worshipper of Hepliaklqana
  3569 | D:4      | Reached XP level 7. HP: 35/37 MP: 8/8
  3719 | D:4      | Found a shattered altar of Ashenzari.
  3798 | D:4      | Reached skill level 4 in Short Blades
  4537 | D:6      | Reached * piety under Hepliaklqana
  4769 | D:6      | Found a bloodstained altar of Trog.
  5163 | D:7      | Your ally Servius died
  5215 | D:7      | Your ally Servius died
  5217 | D:7      | Gained mutation: You have razor-sharp teeth. [Vine Stalker growth]
  5217 | D:7      | Reached XP level 8. HP: 17/42 MP: 3/9
  5347 | D:7      | Your ally Servius died
  5355 | D:7      | Reached skill level 5 in Short Blades
  5451 | D:7      | Your ally Servius died
  5516 | D:7      | Your ally Servius died
  5586 | D:6      | Your ally Servius died
  6109 | D:7      | Reached ** piety under Hepliaklqana
  6110 | D:7      | Remembered your ancestor Servius as a battlemage
  6126 | D:7      | Identified a -2 rod of inaccuracy (11/11) (You found it on level 7 of the Dungeon)
  6249 | D:7      | Noticed Dowan
  6250 | D:7      | Noticed Duvessa
  6267 | D:7      | Reached skill level 5 in Shields
  6267 | D:7      | Reached XP level 9. HP: 46/46 MP: 10/10
  6273 | D:7      | Killed Duvessa
  6276 | D:7      | Killed Dowan
  6276 | D:7      | Reached skill level 6 in Short Blades
  6276 | D:7      | Reached skill level 1 in Invocations
  6352 | D:7      | Reached skill level 5 in Fighting
  6458 | D:8      | Found a glowing silver altar of Zin.
  6463 | D:8      | Found a sacrificial altar of Ru.
  6492 | D:8      | Reached skill level 5 in Armour
  6994 | D:8      | Noticed Grum
  7001 | D:8      | Your ally Servius died
  7019 | D:8      | Killed Grum
  7039 | D:8      | Reached skill level 7 in Short Blades
  7106 | D:8      | Found a blossoming altar of Fedhas.
  7180 | D:8      | Found an iron altar of Okawaru.
  7623 | D:9      | Your ally Servius died
  7641 | D:8      | Reached XP level 10. HP: 46/51 MP: 13/13
  7798 | D:9      | Reached skill level 5 in Dodging
  7929 | D:9      | Reached *** piety under Hepliaklqana
  7999 | D:9      | Got a creamy pearl robe
  8057 | D:9      | Found a burning altar of Makhleb.
  8058 | D:9      | Found a shimmering altar of Xom.
  8111 | D:9      | Noticed useraccount's ghost (novice FoFi)
  8117 | D:9      | Reached skill level 8 in Short Blades
  8199 | D:9      | Killed useraccount's ghost
  8325 | D:9      | Found Limut's Gadget Emporium.
  8368 | D:9      | Identified the +1 robe "Mayxishu" {rC- Str+7 SInv} (You found it on level 9 of the Dungeon)
  8391 | D:9      | Found a staircase to the Lair.
  8577 | D:10     | Entered Level 10 of the Dungeon
  8688 | D:10     | Noticed a hill giant
  8699 | D:10     | Killed a hill giant
  8796 | D:10     | Found a deep blue altar of Sif Muna.
  8796 | D:10     | Noticed a deep elf mage
  8796 | D:10     | Noticed a deep elf mage
  8989 | D:10     | Killed a deep elf mage
  8996 | D:10     | Killed a deep elf mage
  8996 | D:10     | Reached skill level 9 in Short Blades
  8996 | D:10     | Reached skill level 5 in Invocations
  8996 | D:10     | Reached XP level 11. HP: 29/55 MP: 12/15
  9029 | D:10     | Noticed Joseph
  9040 | D:10     | Killed Joseph
  9232 | D:10     | Found a staircase to the Orcish Mines.
  9421 | D:11     | Noticed an unseen horror
  9435 | D:11     | Killed an unseen horror
  9610 | D:11     | Noticed a cyclops
  9617 | D:11     | Killed a cyclops
  9657 | D:11     | Noticed a hill giant
  9658 | D:11     | Noticed a centaur warrior
  9659 | D:11     | Noticed an unseen horror
  9661 | D:11     | Your ally Servius died
  9677 | D:11     | Killed a hill giant
  9677 | D:11     | Killed an unseen horror
  9677 | D:11     | Reached skill level 10 in Short Blades
  9691 | D:11     | Killed a centaur warrior
  9856 | D:11     | Found a labyrinth entrance.
  9857 | D:11     | Noticed a six-headed hydra
  9867 | Lab      | Entered a labyrinth
 10131 | Lab      | Reached **** piety under Hepliaklqana
 11298 | Lab      | Noticed a minotaur
 11309 | Lab      | Killed a minotaur
 11316 | Lab      | Got a pitted rapier
 11316 | Lab      | Got a slimy rapier
 11318 | Lab      | Identified the +11 rapier "Fiaguol" {pierce, rC++ Dex+3} (You found it in a labyrinth)
 11319 | Lab      | Identified the +11 rapier of Growth {freeze, rF+ MR+} (You found it in a labyrinth)
 11367 | D:11     | Your ally Servius died
 11369 | D:11     | Killed a six-headed hydra
 12008 | D:11     | Reached skill level 11 in Short Blades
 12008 | D:11     | Gained mutation: You regenerate. [Vine Stalker growth]
 12008 | D:11     | Reached XP level 12. HP: 60/60 MP: 16/16
 12093 | D:12     | Noticed Nessos
 12097 | D:12     | Killed Nessos
 12189 | D:12     | Noticed a six-headed hydra
 12191 | D:12     | Noticed Erolcha
 12200 | D:12     | Killed a six-headed hydra
 12201 | D:12     | Killed Erolcha
 12252 | D:12     | Noticed Psyche
 12260 | D:12     | Killed Psyche
 12278 | D:12     | Noticed Frances
 12302 | D:12     | Your ally Servius died
 12487 | D:12     | Your ally Servius died
 12497 | D:12     | Slain by Frances

Vault maps used:
D:1:      lemuel_arrival_broad_hall
D:2:      serial_forest, infiniplex_forest_end_2, infiniplex_forest_end_1,
          infiniplex_forest_lined_room_2, infiniplex_forest_lined_3_way,
          infiniplex_forest_lined_room_2, infiniplex_forest_end_1,
          infiniplex_forest_straight_2, uniq_robin
D:3:      first_bread
D:4:      vehumet_altar_wand_db, nicolae_overflow_crystal_walls,
          lemuel_coloured_pillars_altar, minmay_temple_entry_from_below_a,
          serial_co_window_serial, co_window_paths_a, co_window_corner_a,
          co_window_paths_a, co_window_paths_a, co_window_corner_a,
          co_window_corner_a, co_window_corner_a, co_window_broadway_b,
          co_window_cross_4, co_window_paths_e, glass_columns_b, glass_columns_a
D:5:      portal_sewer_entry_d
D:6:      marbit_many_paths
D:7:      uniq_duvessa
D:8:      nicolae_overflow_hidden_temple, hangedman_decor_lopped,
          hangedman_ranch, uniq_grum
D:9:      grunt_temple_overflow_champion_of_chaos, erik_lair_dragon,
          serial_shops, kennysheep_little_box
D:10:     david_orc_2, david_defended_altar_elf, uniq_joseph
D:11:     lab_entry_generic
D:12:     uniq_frances, uniq_erolcha, uniq_nessos, uniq_psyche
Temple:   chambers_temple_12
Lab:      labyrinth_lava_lair, nicolae_lab_checkerboard, nicolae_lab_grate_2
Sewer:    sewer_kobolds

Skill      XL: |  1  2  3  4  5  6  7  8  9 10 11 |
---------------+----------------------------------+-----
Short Blades   | 2 3 4 5 7 9 11 | 11.6
Shields        | 3 4 5 6 7 8 |  8.9
Fighting       | 3 4 5 |  5.7
Armour         | 3 4 5 6 |  6.0
Dodging        | 1 2 3 4 5 6 |  6.0
Invocations    | 3 5 |  5.0

Action                   |  1- 3 |  4- 6 |  7- 9 | 10-12 || total
-------------------------+-------+-------+-------+-------++-------
Melee: Rapier            |   116 |   224 |   394 |   536 ||  1270
Invok: Ancestor Life: Ba |       |       |     1 |       ||     1
       Recall Ancestor   |       |       |     1 |     2 ||     3
Evoke: Wand              |       |       |     2 |       ||     2
  Use: Scroll            |       |     4 |     1 |    10 ||    15
 Stab: Distracted        |       |       |     1 |     6 ||     7
  Eat: Chunk             |       |     9 |    12 |    11 ||    32
       Beef jerky        |       |       |     1 |       ||     1
       Pizza             |       |       |       |     5 ||     5
       Royal jelly       |       |       |       |     1 ||     1
